 Dungeon Crawl Stone Soup version 0.21.1-1-g345015f (webtiles) character file.

421 Synzy the Grave Robber (level 6, -47/38 HPs)
             Began as an Octopode Necromancer on June 15, 2018.
             Killed from afar by an orc (55 damage)
             ... with an exploding inner flame
             ... hexed by the player character
             ... on level 5 of the Dungeon.
             The game lasted 00:32:44 (3392 turns).

Synzy the Grave Robber (Octopode Necromancer)       Turns: 3392, Time: 00:32:44

Health: -47/38     AC:  1    Str: 13    XL:     6   Next: 94%
Magic:  2/10       EV: 16    Int: 19    God:
Gold:   52         SH:  6    Dex: 12    Spells: 2/11 levels left

rFire    . . .     SeeInvis .   h - +2 flail (holy)
rCold    . . .     Gourm    .   (no shield)
rNeg     . . .     Faith    .   (helmet restricted)
rPois    .         Spirit   .   m - +6 amulet of reflection
rElec    .         Reflect  +   k - ring of protection from magic
rCorr    .         Harm     .   e - +2 ring of evasion
MR       +....                  (no ring)
Stlth    +++.......             (no ring)
HPRegen  0.12/turn              (no ring)
MPRegen  0.12/turn              (no ring)
                                (no ring)
                                (no ring)

@: mighty
A: almost no armour, stealthy swim, amphibious, 8 rings, constrict 8, camouflage
1, gelatinous body 1
a: no special abilities


You were on level 5 of the Dungeon.
You were not hungry.

You visited 1 branch of the dungeon, and saw 5 of its levels.
You also visited: Ossuary.

You collected 170 gold pieces.
You spent 118 gold pieces at shops.

Inventory:

Hand Weapons
 h - a +2 flail of holy wrath (weapon)
Missiles
 n - 8 tomahawks (quivered)
Jewellery
 e - a +2 ring of evasion (right tentacle)
 k - a ring of protection from magic (left tentacle)
 m - a +6 amulet of reflection (around mantle)
Scrolls
 g - 7 scrolls of identify
 i - a scroll of amnesia
Potions
 l - a potion of cancellation
 o - 2 potions of haste
 p - 2 potions of lignification
Books
 a - a book of Necromancy

   Spells                             Type                      Level
   a - Pain                           Necromancy                   1
   b - Animate Skeleton               Necromancy                   1
   c - Vampiric Draining              Necromancy                   3
   d - Regeneration                   Charms/Necromancy            3
   e - Animate Dead                   Necromancy                   4
   f - Borgnjor's Vile Clutch         Necromancy/Earth             5
Comestibles
 b - 4 rations


   Skills:
 + Level 1.3 Fighting
 + Level 3.0 Maces & Flails
 + Level 0.1 Throwing
 + Level 3.4 Dodging
 + Level 3.3 Stealth
 + Level 0.6 Unarmed Combat
 + Level 3.1 Spellcasting
 + Level 5.5 Necromancy


You had 2 spell levels left.
You knew the following spells:

 Your Spells              Type           Power        Failure   Level  Hunger
a - Pain                  Necr           ###.         1%          1    None
b - Animate Skeleton      Necr           N/A          1%          1    None
c - Vampiric Draining     Necr           ###.......   4%          3    ###....
d - Animate Dead          Necr           N/A          16%         4    ####...


Dungeon Overview and Level Annotations

Branches:
Dungeon (5/15)
 Temple: D:4-7

Altars:
Ashenzari

Shops:
D:4 %*?


Innate Abilities, Weirdness & Mutations

You cannot wear most types of armour.
You are very stealthy in the water. (Stealth+)
You are amphibious.
You can wear up to eight rings at the same time.
You can use your tentacles to constrict eight enemies at once.
Your skin changes colour to match your surroundings (Stealth+).
Your rubbery body absorbs attacks. (AC +1, EV +1)


Message History

The creatures around you are filled with an inner flame!
The orc barely misses you. You block the orc's attack.
You closely miss the orc. You grab the orc. You constrict the orc.
The orc wizard gestures at you while chanting.
The magic dart hits you!
* * * LOW HITPOINT WARNING * * *
The orc misses you. The orc hits you but does no damage.
You hear a shout!
Casting: Vampiric Draining
Confirm with . or Enter, or press ? or * to list all spells.
Okay, then.
Casting: Vampiric Draining
Confirm with . or Enter, or press ? or * to list all spells.
Aiming: Vampiric Draining
Press: ? - help, Shift-Dir - straight line, f - orc
Aim: an orc, wielding a club (blue smoke, moderately wounded, constricted by you, inner flame)
The orc explodes!
The fiery explosion engulfs you!
Ouch! That really hurt!
You die...

#.#...# #..#
#......########.#
...o............#
..o......<.####.##
......o....###...##
........o..##.....##
o...>...§§§#.o.....#
........§oo#o......#
o.......§§@#§......#
....<####§o§o.....##
..... ####§...[..#
##### #.......#
#.......# ##.....##
##...## #####


You could see an orc priest (inner flame), an orc wizard and 2 orcs.

Vanquished Creatures
  A phantom (D:4)
  An orc priest (D:4)
  A human zombie (Ossuary)
  2 big kobold zombies (Ossuary)
  2 mummies (Ossuary)
  7 adders
  4 gnolls (D:4)
  An ooze (D:1)
  2 adder zombies (Ossuary)
  A worm (D:2)
  A dart slug (D:4)
  2 leopard geckos
  5 orcs
  3 giant cockroaches
  4 hobgoblins
  6 jackals (D:3)
  4 bats
  2 frilled lizards (D:1)
  4 goblins
  11 hobgoblin zombies (Ossuary)
  5 kobolds
  14 kobold zombies (Ossuary)
  6 orc zombies (Ossuary)
  8 rats
97 creatures vanquished.

Vanquished Creatures (collateral kills)
  An adder (D:2)
  An ooze (D:4)
  A leopard gecko (D:1)
  A bat (D:1)
  A giant cockroach (D:2)
  2 hobgoblins
  2 rats
9 creatures vanquished.

Grand Total: 106 creatures vanquished

Notes
Turn   | Place    | Note
-------+----------+-------------------------------------------
     0 | D:1      | Synzy the Octopode Necromancer began the quest for the Orb.
     0 | D:1      | Reached XP level 1. HP: 11/11 MP: 3/3
     3 | D:1      | Learned a level 1 spell: Animate Skeleton
   253 | D:1      | Reached XP level 2. HP: 13/17 MP: 5/5
   892 | D:2      | Reached XP level 3. HP: 20/21 MP: 3/6
   915 | D:2      | Learned a level 3 spell: Vampiric Draining
  1020 | D:2      | Learned a level 3 spell: Vampiric Draining
  1844 | D:3      | Reached XP level 4. HP: 21/27 MP: 4/7
  2094 | D:3      | Found a shattered altar of Ashenzari.
  2113 | D:3      | Reached skill level 5 in Necromancy
  2425 | D:4      | Reached XP level 5. HP: 25/31 MP: 0/9
  2513 | D:5      | Entered Level 5 of the Dungeon
  2556 | D:4      | Learned a level 4 spell: Animate Dead
  2737 | D:4      | Found Noasm's Assorted Antiques.
  2746 | D:4      | Bought a curved fluorescent wand for 68 gold pieces
  2767 | D:4      | Noticed a phantom
  2768 | D:4      | Found Jifaloc's Food Shop.
  2781 | D:4      | Found a sand-covered staircase.
  2798 | Ossuary  | Entered an ossuary
  2935 | Ossuary  | Reached skill level 1 in Maces & Flails
  2944 | Ossuary  | Reached XP level 6. HP: 9/37 MP: 10/10
  3191 | D:4      | Bought a ration for 50 gold pieces
  3194 | D:4      | Killed a phantom
  3194 | D:4      | Reached skill level 1 in Fighting
  3234 | D:4      | Found Byraagil's Magic Scroll Boutique.
  3392 | D:5      | Killed from afar by an orc

Skill      XL: |  1  2  3  4  5  6 |
---------------+-------------------+-----
Stealth        | 3 |  3.3
Necromancy     | 5 |  5.5
Spellcasting   | 3 |  3.1
Maces & Flails | 1 3 |  3.0
Dodging        | 3 |  3.4
Fighting       | 1 |  1.3
Throwing       | |  0.1
Unarmed Combat | |  0.6

Action                   |  1- 3 |  4- 6 || total
-------------------------+-------+-------++-------
Melee: Unarmed           |    45 |    31 ||    76
       Constrict         |    13 |    30 ||    43
       Tentacles         |     7 |    19 ||    26
       Flail             |       |    74 ||    74
Throw: Tomahawk          |       |     3 ||     3
 Cast: Animate Skeleton  |    13 |     8 ||    21
       Pain              |    30 |    38 ||    68
       Vampiric Draining |     2 |     8 ||    10
       Animate Dead      |       |     1 ||     1
Evoke: Wand              |       |     9 ||     9
  Use: Potion            |     4 |     9 ||    13
       Scroll            |     4 |     4 ||     8
 Stab: Sleeping          |     2 |     2 ||     4
  Eat: Ration            |     1 |     2 ||     3
       Chunk             |       |     1 ||     1
Armor: Skin              |     7 |     8 ||    15
Dodge: Dodged            |    50 |    87 ||   137
Block: Other             |     3 |    47 ||    50
       Reflection        |       |     1 ||     1
